 Dungeon Crawl Stone Soup version 0.30-b1-2-g02819fbbbe (webtiles) character file.

Game seed: 16671882951217371134

55 sentinel the Chopper (level 3, -2/23 HPs)
             Began as a Gargoyle Fighter on May 21, 2023.
             Slain by a gnoll
             ... wielding a +0 flail
              (7 damage)
             ... on level 2 of the Dungeon.
             The game lasted 00:00:48 (827 turns).

sentinel the Chopper (Gargoyle Fighter)              Turns: 827, Time: 00:00:48

Health: -2/23      AC: 14    Str: 21    XL:     3   Next: 93%
Magic:  3/3        EV:  5    Int:  8    God:
Gold:   25         SH:  4    Dex:  9    Spells: 2/2 levels left

rFire   . . .        a - +0 war axe
rCold   . . .        c - +0 buckler
rNeg    + . .        j - +0 plate armour
rPois   ∞            (no helmet)
rElec   +            (no cloak)
rCorr   .            (no gloves)
SInv    .            (no boots)
Will    .....        (no amulet) Stlth
                     (no ring)
HPRegen 0.23/turn    (no ring)
MPRegen 0.08/turn

%: no passive effects
@: mighty
A: sickness immunity, AC +3, negative energy resistance 1, electricity
resistance, torment resistance 1, petrification resistance
a: no special abilities


You were on level 2 of the Dungeon.
You visited 1 branch of the dungeon, and saw 2 of its levels.

You collected 25 gold pieces.

Inventory:

Hand Weapons
 a - a +0 war axe (weapon)
Armour
 b - a +0 scale mail
 c - a +0 buckler (worn)
 j - a +0 plate armour (worn)
Jewellery
 f - a ring of protection from fire
 g - a +6 ring of intelligence
Scrolls
 i - 2 scrolls of identify {unknown}
 k - a scroll of fear {unknown}
Potions
 e - a potion of berserk rage {unknown}
 h - a potion of cancellation {unknown}
 l - a potion of mutation {unknown}


   Skills:
 - Level 3.2 Fighting
 + Level 3.7 Axes
 - Level 3.2 Armour
 - Level 3.2 Shields


You had 2 spell levels left.
You didn't know any spells.
Your spell library contained the following spells:

 Spells                   Type           Power      Damage    Failure   Level
 Kiss of Death            Conj/Necr      0%         2d5       100%        1
 Confusing Touch          Hex            0%         N/A       100%        3
 Dispel Undead            Necr           0%         3d6       100%        4


Dungeon Overview and Level Annotations

Branches:
Dungeon (2/15) Zot: 11138

Altars:


Innate Abilities, Weirdness & Mutations

You are immune to sickness and miasma.
Your stone body is resilient. (AC +3)
You are immune to poison.
You resist negative energy. (rN+)
You are resistant to electric shocks. (rElec)
You are resistant to unholy torment.
You are immune to petrification.


Message History

No target in view!
No target in view!
No target in view!
No target in view!
No target in view!
No target in view!
No target in view!
No target in view!
You start removing your armour.
You continue taking off your +0 scale mail. x4
You finish taking off your +0 scale mail.
You start putting on your armour.
You continue putting on your +0 plate armour. x5
You finish putting on your +0 plate armour.
You see here a +0 short sword.
A frilled lizard comes into view.
But you're not safe! But you're not safe! But you're not safe!
The frilled lizard hisses angrily.
No target in view!
No target in view!
No target in view!
No target in view!
No target in view!
No target in view!
No target in view!
No target in view!
No target in view!
No target in view!
No target in view!
No target in view!
Found an orange potion.
You block the frilled lizard's attack.
You closely miss the frilled lizard. The frilled lizard barely misses you.
You barely miss the frilled lizard.
The frilled lizard bites you but does no damage.
You slash the frilled lizard!
You kill the frilled lizard!
No target in view!
No target in view!
No target in view!
No target in view!
No target in view!
No target in view!
No target in view!
No target in view!
k - a scroll labelled GYRUDE DECKUMI
l - an orange potion
i - 2 scrolls labelled BOTIPL MOFU (gained 1)
Found a robe.
An adder and a bat come into view.
The adder hisses angrily.
The bat hits you but does no damage.
You closely miss the bat. The bat hits you but does no damage.
The bat hits you.
You hit the bat but do no damage. The bat hits you but does no damage. x2
You block the bat's attack. x2
You hit the bat.
You kill the bat!
The adder bites you but does no damage.
You hit the adder but do no damage.
The adder bites you but does no damage. x2
You barely miss the adder. The adder bites you.
You hit the adder.
The adder is moderately wounded.
The adder barely misses you. You block the adder's attack.
You miss the adder.
The adder is moderately wounded.
The adder bites you but does no damage. x2
You slash the adder!
You kill the adder!
No target in view!
No target in view!
No target in view!
No target in view!
No target in view!
No target in view!
No target in view!
No target in view!
No target in view!
No target in view!
No target in view!
No target in view!
No target in view!
You see here a bat corpse.
A hobgoblin comes into view.
But you're not safe! But you're not safe! But you're not safe!
You slash the hobgoblin!
You kill the hobgoblin!
No target in view!
No target in view!
No target in view!
No target in view!
No target in view!
No target in view!
No target in view!
No target in view!
No target in view!
No target in view!
You see here a hobgoblin corpse.
A bat comes into view.
But you're not safe! But you're not safe! But you're not safe!
But you're not safe!
A quokka comes into view.
The bat hits you but does no damage.
You slash the bat!
You kill the bat! 3 gnolls and a worm come into view.
The gnoll shouts! x3
You barely miss the quokka.
The quokka bites you but does no damage. x2
You hit the gnoll.
The gnoll is moderately wounded.
You closely miss the quokka. You closely miss the gnoll. The quokka bites you.
The gnoll hits you but does no damage. x2
You hit the gnoll.
The gnoll is heavily wounded.
You hit the quokka but do no damage. You barely miss the gnoll.
The quokka bites you. The gnoll hits you but does no damage.
The gnoll hits you with a +0 whip. You block the quokka's attack.
You slash the gnoll!
You kill the gnoll!
You closely miss the quokka. You hit the gnoll.
The gnoll hits you but does no damage. The quokka barely misses you.
The gnoll hits you with a +0 club. The gnoll hits you with a +0 flail.
The quokka bites you but does no damage.
You are too injured to fight recklessly!
You are too injured to fight recklessly!
You are too injured to fight recklessly!
You are too injured to fight recklessly!
You are too injured to fight recklessly!
You are too injured to fight recklessly!
You are too injured to fight recklessly!
You are too injured to fight recklessly!
You are too injured to fight recklessly!
You are too injured to fight recklessly!
You feel very mighty all of a sudden.
The quokka bites you but does no damage.
The gnoll hits you with a +0 flail. The gnoll hits you but does no damage.
You closely miss the gnoll.
The gnoll is moderately wounded.
You barely miss the worm. You slash the quokka!
You kill the quokka!
You barely miss the gnoll. The gnoll hits you with a +0 club.
* * * LOW HITPOINT WARNING * * *
The gnoll hits you with a +0 flail!
You die...

#########
........#
........#
........#
........##
.........
......wg#####
#.#
.......@....###
#.#
......g.###...#
#.# ........#
###.### #.#
........#
#...#####.#
#########
###.†...#.#
#####.#.#
#...## ##....
#....


You could see a worm and 2 gnolls.

Vanquished Creatures
  2 adders (D:2)
  A gnoll (D:2)
  A worm (D:2)
  4 endoplasms (D:1)
  2 hobgoblins (D:2)
  3 jackals (D:1)
  3 quokkas
  2 bats (D:2)
  A frilled lizard (D:2)
  2 goblins (D:1)
  2 kobolds (D:2)
  3 rats (D:1)
26 creatures vanquished.

Notes
Turn   | Place    | Note
-------+----------+-------------------------------------------
     0 | D:1      | sentinel the Gargoyle Fighter began the quest for the Orb.
     0 | D:1      | Reached XP level 1. HP: 14/14 MP: 1/1
   215 | D:1      | Reached XP level 2. HP: 15/19 MP: 2/2
   642 | D:2      | Reached XP level 3. HP: 9/23 MP: 3/3
   827 | D:2      | Slain by a gnoll

Illustrated notes

Levels and vault maps discovered:
D:1:      minmay_arrival_four_houses, layout_loops_ring
D:2:      layout_rooms

Skill      XL: |  1  2 |
---------------+-------+-----
Axes           | 2 3 |  3.7
Fighting       | |  3.2
Armour         | |  3.2
Shields        | |  3.2

Action                     || total
---------------------------++-------
  Melee: War axe           ||    83
    Use: Potion            ||     1
 Armour: Scale mail        ||    44
         Plate armour      ||    20
  Dodge: Dodged            ||    40
  Block: Buckler           ||    13
